 Dungeon Crawl Stone Soup version 0.29.0-15-g675c0067aa (webtiles) character file.

Game seed: 16817559967955725265

172 qw the Chopper (level 5, -3/32 HPs)
             Began as a Gargoyle Fighter on Sept 12, 2022.
             Slain by a gnoll
             ... wielding a +0 spear
              (5 damage)
             ... on level 3 of the Dungeon.
             The game lasted 00:00:55 (2371 turns).

qw the Chopper (Gargoyle Fighter)                   Turns: 2371, Time: 00:00:55

Health: -3/32      AC: 16    Str: 22    XL:     5   Next: 52%
Magic:  5/5        EV:  6    Int:  8    God:
Gold:   90         SH:  4    Dex:  9    Spells: 4/4 levels left

rFire   . . .      SeeInvis .   Y - +0 war axe
rCold   . . .      Faith    .   c - +0 buckler
rNeg    + . .      Spirit   .   k - +0 plate armour
rPois   inf        Reflect  .   (no helmet)
rElec   +          Harm     .   (no cloak)
rCorr   .          Rampage  .   (no gloves)
Will    .....                   n - +0 pair of boots
Stlth   ..........              (no amulet)
HPRegen 0.10/turn               (no ring)
MPRegen 0.09/turn               (no ring)

@: no status effects
A: sickness immunity, AC +4, negative energy resistance 1, electricity
resistance, torment resistance 1, petrification resistance
a: no special abilities


You were on level 3 of the Dungeon.
You visited 1 branch of the dungeon, and saw 3 of its levels.

You collected 90 gold pieces.


Innate Abilities, Weirdness & Mutations

You are immune to sickness and miasma.
Your stone body is resilient. (AC +4)
You are immune to poison.
You resist negative energy. (rN+)
You are resistant to electric shocks. (rElec)
You are resistant to unholy torment.
You are immune to petrification.


   Skills:
 + Level 3.5 Fighting
 - Level 5.0 Axes
 - Level 3.2 Armour
 - Level 3.2 Shields


You had 4 spell levels left.
You didn't know any spells.
Your spell library was empty.

Inventory:

Hand Weapons
 f - a +0 whip
 Y - a +0 war axe (weapon)
Missiles
 a - 5 boomerangs (quivered)
Armour
 c - a +0 buckler (worn)
 k - a +0 plate armour (worn)
 n - a +0 pair of boots (worn)
Scrolls
 l - a scroll of identify
Potions
 d - a potion of might
 g - a potion of curing {unknown}
 h - a potion of attraction
 j - a potion of brilliance {unknown}
 m - a potion of lignification {unknown}
 o - a potion of berserk rage {unknown}

Dungeon Overview and Level Annotations

Branches:
Dungeon (3/15)

Altars:


Message History

You slash the gnoll!
You kill the gnoll!
You hit the endoplasm but do no damage.
The gnoll hits you from afar with a +0 spear.
The endoplasm freezes you.
You are frozen.
The gnoll hits you from afar with a +0 halberd.
You barely miss the endoplasm.
The endoplasm is moderately wounded.
You block the endoplasm's attack. The gnoll barely misses you.
The gnoll closely misses you.
You slash the endoplasm!
You kill the endoplasm!
The gnoll hits you from afar with a +0 halberd.
The gnoll hits you from afar with a +0 spear. x2
The gnoll hits you but does no damage.
Your Axes skill increases to level 5!
The gnoll hits you but does no damage. x2
Things that are here:
a +0 flail; a gnoll corpse You slash the gnoll!
You kill the gnoll!
You barely miss the orc. The orc barely misses you.
The gnoll hits you but does no damage.
You hit the orc.
You kill the orc!
The gnoll hits you but does no damage. The gnoll barely misses you.
You closely miss the gnoll.
The gnoll hits you but does no damage. x2
You hit the gnoll.
The gnoll is moderately wounded.
The gnoll barely misses you.
You hit the gnoll.
The gnoll is severely wounded.
You block the gnoll's attack.
You hit the gnoll.
The gnoll is almost dead.
The gnoll hits you with a +0 spear.
You die...

#............
#............
#..........#
###.#..........#
.......#...(.....
~.~~##..#.#.....# .
.~~~~~~~.#.#...))g##.#
~~~~~~~~~~.....)@....#
~#~..~~~~~~..........#
~~~...~~#~~.....).#..#
~~~..~~~~~~~...#.....#
~#~~.~~~~~%%~#####.....
~~~.}.~~~#~~~####
......
~~~<<.~~#~~~....#
......
~~~...~~~~~~~##.# .....
~~#~(~~~~~~~~# # ...


You could see a gnoll.

Vanquished Creatures
  3 gnolls (D:3)
  6 adders (D:2)
  A worm (D:2)
  7 dart slugs
  An orc (D:3)
  8 ball pythons
  9 bats
  8 endoplasms
  2 giant cockroaches (D:1)
  4 goblins
  4 hobgoblins
  2 jackals (D:1)
  6 kobolds
  3 quokkas
  A frilled lizard (D:1)
  6 rats
71 creatures vanquished.

Notes
Turn   | Place    | Note
-------+----------+-------------------------------------------
     0 | D:1      | qw the Gargoyle Fighter began the quest for the Orb.
     0 | D:1      | Reached XP level 1. HP: 14/14 MP: 1/1
     0 | D:1      | 0 ||| qw: Version: 0.1-a-119-g272c26d
     0 | D:1      | 0 ||| qw: Game counter: 10748
     0 | D:1      | 0 ||| qw: Always use a shield: true
     0 | D:1      | 0 ||| qw: God list: Okawaru
     0 | D:1      | 0 ||| qw: Allow faded altars: false
     0 | D:1      | 0 ||| qw: Do Orc after D:15 true
     0 | D:1      | 0 ||| qw: Do second Lair branch before Depths: true
     0 | D:1      | 0 ||| qw: Lair rune preference: random
     0 | D:1      | 0 ||| qw: Plans: Normal, Zot, God:TSO, Crypt, Tomb, Pan,
                  | Slime, Hells, Zig, Abyss, Orb
     0 | D:1      | 0 ||| PLANNING D:1-11
    66 | D:1      | 66 ||| Stepping ~*~*~tactically~*~*~ (stealth).
    67 | D:1      | 67 ||| Stepping ~*~*~tactically~*~*~ (stealth).
    79 | D:1      | HP: 3/14 [hobgoblin (4)]
    80 | D:1      | Reached skill level 2 in Axes
    80 | D:1      | HP: 1/14 [hobgoblin (2)]
   408 | D:1      | 408 ||| Stepping ~*~*~tactically~*~*~ (stealth).
   417 | D:1      | Reached XP level 2. HP: 13/19 MP: 2/2
   500 | D:1      | 500 ||| Stepping ~*~*~tactically~*~*~ (stealth).
   501 | D:1      | 501 ||| Stepping ~*~*~tactically~*~*~ (stealth).
   509 | D:1      | 509 ||| DROPPING +0 club.
   605 | D:1      | Reached skill level 3 in Axes
   618 | D:1      | You fall into a shaft and drop 1 floor!
   631 | D:2      | Reached XP level 3. HP: 23/23 MP: 3/3
   670 | D:2      | 670 ||| READING scroll labelled KESIYMIEXT.
   973 | D:1      | 973 ||| Stepping ~*~*~tactically~*~*~ (stealth).
   974 | D:1      | 974 ||| Stepping ~*~*~tactically~*~*~ (stealth).
   978 | D:1      | 978 ||| Stepping ~*~*~tactically~*~*~ (stealth).
   979 | D:1      | 979 ||| Stepping ~*~*~tactically~*~*~ (stealth).
   986 | D:1      | 986 ||| Stepping ~*~*~tactically~*~*~ (stealth).
   987 | D:1      | 987 ||| Stepping ~*~*~tactically~*~*~ (stealth).
  1001 | D:1      | Reached XP level 4. HP: 28/28 MP: 4/4
  1003 | D:1      | 1003 ||| Stepping ~*~*~tactically~*~*~ (stealth).
  1046 | D:1      | 1046 ||| Stepping ~*~*~tactically~*~*~ (stealth).
  1047 | D:1      | 1047 ||| Stepping ~*~*~tactically~*~*~ (stealth).
  1206 | D:1      | Found a faded altar of an unknown god.
  1305 | D:1      | 1305 ||| READING scroll labelled GUAVOUJELU.
  1306 | D:1      | 1306 ||| READING scroll labelled OPHAWE MECRIRE.
  1356 | D:1      | 1356 ||| READING scroll labelled VUPYLITOPS.
  1357 | D:1      | 1357 ||| READING 3 scrolls labelled SILAAXT FEM KEIJI.
  1358 | D:1      | 1358 ||| DRINKING 2 blue potions.
  1359 | D:1      | 1359 ||| DROPPING 2 scrolls of fear.
  1451 | D:2      | Reached skill level 4 in Axes
  1597 | D:2      | 1597 ||| Stepping ~*~*~tactically~*~*~ (stealth).
  1598 | D:2      | 1598 ||| Stepping ~*~*~tactically~*~*~ (stealth).
  1994 | D:2      | 1994 ||| UPGRADING to +0 plate armour.
  2004 | D:2      | 2004 ||| DROPPING +0 scale mail.
  2005 | D:2      | 2005 ||| UPGRADING to +0 pair of boots.
  2010 | D:2      | 2010 ||| READING scroll labelled CAETIG EKOHUCU.
  2011 | D:2      | 2011 ||| READING scroll labelled LOIRES NEYTAYT.
  2030 | D:3      | 2030 ||| PLANNING SEWER
  2030 | D:3      | 2030 ||| STAIRDANCE
  2047 | D:3      | 2047 ||| STAIRDANCE
  2136 | D:3      | 2136 ||| FLEEEEING.
  2137 | D:3      | 2137 ||| STAIRDANCE
  2141 | D:2      | Reached XP level 5. HP: 29/32 MP: 5/5
  2163 | D:2      | 2163 ||| DRINKING 2 lumpy purple potions.
  2166 | D:3      | 2166 ||| STAIRDANCE
  2203 | D:3      | 2203 ||| STAIRDANCE
  2359 | D:3      | HP: 8/32 [endoplasm (2)]
  2360 | D:3      | 2360 ||| DRINKING potion of heal wounds.
  2363 | D:3      | HP: 1/32 [gnoll/+0 spear (4)]
  2364 | D:3      | Reached skill level 5 in Axes
  2371 | D:3      | Slain by a gnoll

Levels and vault maps discovered:
D:1:      sevenhm_arrival_forest_fort_small_4, layout_loops_ring,
          basic_ecumenical_altar, minmay_vboxes
D:2:      layout_loops_ring
D:3:      kennysheep_slugbush, layout_basic, portal_sewer_entry_b, serial_shops,
          nicolae_shop_overgrown_old_shop

Skill      XL: |  1  2  3  4  5 |
---------------+----------------+-----
Axes           | 2 3 4 5 |  5.0
Fighting       | |  3.5
Armour         | |  3.2
Shields        | |  3.2

Action                   |  1- 3 |  4- 6 || total
-------------------------+-------+-------++-------
Melee: War axe           |    76 |    73 ||   149
Throw: Boomerang         |       |     1 ||     1
  Use: Scroll            |     1 |     6 ||     7
       Potion            |       |     3 ||     3
Armor: Scale mail        |    47 |    11 ||    58
       Plate armour      |       |    45 ||    45
Dodge: Dodged            |    38 |    28 ||    66
Block: Buckler           |    14 |    23 ||    37

Table legend:
 A = Non-vault XP
 B = Vault XP
 C = Vault XP percentage of total XP
 D = Non-vault monster count
 E = Vault monster count
 F = Vault count percentage of total count
                 A         B        C        D         E       F
            +---------+---------+-------+---------+---------+-------
      Total |     205 |      41 |  16.7 |      57 |      14 |  19.7
            +---------+---------+-------+---------+---------+-------
        D:1 |      49 |      13 |  21.0 |      30 |       7 |  18.9
        D:2 |     106 |      24 |  18.5 |      20 |       6 |  23.1
        D:3 |      50 |       4 |   7.4 |       7 |       1 |  12.5
            +---------+---------+-------+---------+---------+-------
